 Dungeon Crawl Stone Soup version 0.26.1-2-gb8aa6d0cf2 (webtiles) character file.

Game seed: 8127108613336451567

317 Descartes the Magician (level 6, -1/32 HPs)
             Began as a Deep Elf Wanderer on Mar 25, 2021.
             Slain by a worker ant (7 damage)
             ... on level 3 of the Dungeon.
             The game lasted 00:09:21 (3255 turns).

Descartes the Magician (Deep Elf Wanderer)          Turns: 3255, Time: 00:09:22

Health: -1/32      AC:  7    Str:  7 (9)  XL:     6   Next: 20%
Magic:  1/15       EV: 10    Int: 19 (20) God:
Gold:   158        SH:  0    Dex: 12 (13) Spells: 5/15 levels left

rFire    + . .     SeeInvis .   a - +0 dagger
rCold    + + .     Faith    .   (no shield)
rNeg     . . .     Spirit   .   p - +2 leather armour {Will+}
rPois    +         Reflect  .   (no helmet)
rElec    +         Harm     .   o - +0 cloak
rCorr    +         Rampage  .   (no gloves)
Will     +....                  m - +0 pair of boots
Stlth    +.........             (no amulet)
HPRegen  0.10/turn              n - ring of protection from cold
MPRegen  0.14/turn              (no ring)

@: lethally poisoned (-1 -> -6), resistant, attractive
A: no striking features
a: no special abilities


You were on level 3 of the Dungeon.
You visited 1 branch of the dungeon, and saw 3 of its levels.

You collected 158 gold pieces.

Inventory:

Hand Weapons
 a - a +0 dagger (weapon)
Missiles
 f - 5 javelins (quivered)
 g - 24 arrows
 h - 107 stones
 j - 8 curare-tipped darts
 t - 20 sling bullets
Armour
 m - a +0 pair of boots (worn)
 o - a +0 cloak (worn)
 p - a +2 leather armour of willpower (worn)
Jewellery
 n - a ring of protection from cold (left hand)
Scrolls
 c - 2 scrolls of identify {unknown}
 d - a scroll of fear {unknown}
 e - 2 scrolls of teleportation {unknown}
 k - 2 scrolls of remove curse {unknown}
 r - a scroll of random uselessness {unknown}
 s - a scroll of immolation {unknown}
Potions
 b - a potion of curing
 i - 2 potions of degeneration


   Skills:
 - Level 1.0 Shields
 - Level 5.0 Spellcasting
 * Level 4.2 Conjurations
 + Level 1.7 Translocations
 + Level 3.8 Fire Magic
 + Level 2.1 Air Magic
 + Level 3.0 Poison Magic
 - Level 1.1 Evocations


You had 5 spell levels left.
You knew the following spells:

 Your Spells              Type           Power        Failure   Level
a - Foxfire               Conj/Fire      80%          3%          1
b - Magic Dart            Conj           80%          3%          1
c - Blink                 Tloc           N/A          14%         2
d - Mephitic Cloud        Conj/Pois/Air  16%          16%         3
e - Ignite Poison         Fire/Tmut/Pois 13%          22%         3

Your spell library contained the following spells:

 Spells                   Type           Power        Failure   Level
 Conjure Flame            Conj/Fire      20%          11%         3
 Call Imp                 Summ           4%           28%         2
 Slow                     Hex            4%           28%         2


Dungeon Overview and Level Annotations

Branches:
Dungeon (3/15)

Altars:
Ashenzari
Ru
Uskayaw


Message History

You hit the worker ant but do no damage.
The worker ant is moderately wounded.
The worker ant bites you but does no damage.
You completely miss the worker ant.
The worker ant is moderately wounded.
The worker ant bites you.
* * * LOW HITPOINT WARNING * * *
You hit the worker ant.
The worker ant is heavily wounded.
The worker ant closely misses you. The worker ant bites you.
* * * LOW HITPOINT WARNING * * *
You are poisoned.
The worker ant poisons you!
You barely miss the worker ant.
The worker ant is heavily wounded.
You feel sick. The worker ant barely misses you.
You hit the worker ant but do no damage.
The worker ant is heavily wounded.
The worker ant bites you!
You die...

### ##.#
#.# #.#
##.# #..#
#.## #.#
#########.#
#....B@##.#
#.####.##.#
..
#.......#
..#
#.##.####
.. # #.# .
..# ####


You could see a worker ant.

Vanquished Creatures
  Grinder (D:3)
  An orc priest (D:3)
  3 gnolls (D:2)
  2 adders (D:2)
  An ooze (D:2)
  A dart slug (D:2)
  4 orcs (D:3)
  A giant cockroach (D:3)
  4 goblins
  6 hobgoblins
  3 jackals (D:3)
  4 kobolds
  A quokka (D:2)
  A ball python (D:2)
  4 bats
  7 frilled lizards
  4 rats
48 creatures vanquished.

Vanquished Creatures (others)
  199 foxfires
199 creatures vanquished.

Grand Total: 247 creatures vanquished

Notes
Turn   | Place    | Note
-------+----------+-------------------------------------------
     0 | D:1      | Descartes the Deep Elf Wanderer began the quest for the
                  | Orb.
     0 | D:1      | Descartes set off with the following items: a +0 dagger, a
                  | potion of curing, a +0 robe; and the following spells
                  | available to memorise: Foxfire, Magic Dart, Blink, Call
                  | Imp, Slow, Ignite Poison, Conjure Flame, Mephitic Cloud
     0 | D:1      | Reached XP level 1. HP: 10/10 MP: 7/7
     2 | D:1      | Learned a level 1 spell: Foxfire
     4 | D:1      | Learned a level 1 spell: Magic Dart
   359 | D:1      | Reached skill level 1 in Conjurations
   543 | D:1      | Reached XP level 2. HP: 15/15 MP: 7/9
  1166 | D:2      | Found a hide-covered altar of Uskayaw.
  1514 | D:2      | Reached XP level 3. HP: 19/19 MP: 7/11
  1565 | D:2      | Found a broken altar of Ashenzari.
  1647 | D:2      | Reached skill level 5 in Spellcasting
  1735 | D:2      | Found a sacrificial altar of Ru.
  1798 | D:2      | Reached XP level 4. HP: 21/24 MP: 8/13
  2103 | D:2      | Learned a level 2 spell: Blink
  2107 | D:2      | Learned a level 3 spell: Mephitic Cloud
  2111 | D:2      | Learned a level 3 spell: Ignite Poison
  2863 | D:3      | Noticed Grinder
  2933 | D:3      | Killed Grinder
  2934 | D:3      | Reached skill level 1 in Translocations
  2934 | D:3      | Reached XP level 5. HP: 14/28 MP: 4/14
  2934 | D:3      | Reached XP level 6. HP: 16/32 MP: 4/15
  3245 | D:3      | HP: 1/32 [worker ant (5)]
  3255 | D:3      | Slain by a worker ant

Illustrated notes

Levels and vault maps discovered:
D:1:      lordsloth_arrival_two_stooges, layout_loops_corners
D:2:      layout_loops_cross, eat_drink_and_be_merry_uskayaw,
          lemuel_round_altar, serial_co_window_serial, co_window_paths_b,
          co_window_paths_b, co_window_paths_a, co_window_paths_a,
          co_window_paths_b, co_window_unsneaky_path_c,
          co_window_unsneaky_path_b, co_window_broadway_b, co_window_paths_c,
          co_window_of_opportunity_c, co_window_unsneaky_path_c,
          co_window_paths_d, nicolae_ashenzari_panopticon
D:3:      layout_loops_cross, uniq_grinder

Skill      XL: |  1  2  3  4 |
---------------+-------------+-----
Conjurations   | 1 2 4 |  4.2
Spellcasting   | 5 |  5.0
Fire Magic     | 3 |  3.8
Translocations | 1 |  1.7
Air Magic      | 2 |  2.1
Poison Magic   | 3 |  3.0
Shields        | |  1.0
Evocations     | |  1.1

Action                   |  1- 3 |  4- 6 || total
-------------------------+-------+-------++-------
Melee: Dagger            |       |     9 ||     9
 Cast: Foxfire           |    64 |    79 ||   143
       Magic Dart        |     2 |     6 ||     8
  Use: Potion            |       |     5 ||     5
Armor: Robe              |     3 |     2 ||     5
       Leather armour    |       |     6 ||     6
Dodge: Dodged            |    11 |    22 ||    33
